 Dungeon Crawl Stone Soup version 0.18-a0-750-g37044d6 (webtiles) character file.

55 Arkorax the Sneak (level 4, -5/28 HPs)
             Began as a Kobold Assassin on Dec 12, 2015.
             Killed by nerve-wracking pain
             ... invoked by an orc priest
              (10 damage)
             ... on level 3 of the Dungeon.
             The game lasted 00:02:24 (1317 turns).

Arkorax the Sneak (Kobold Assassin)                 Turns: 1317, Time: 00:02:24

Health: -5/28      AC:  7    Str: 10    XL:     4   Next: 14%
Magic:  4/4        EV: 12    Int:  9    God:
Gold:   73         SH:  0    Dex: 17    Spells: 0 memorised, 3 levels left

rFire  . . .     SeeInvis .     i - +4 short sword
rCold  . . .     Clarity  .     k - +0 ring mail
rNeg   . . .     SustAt   .     (shield restricted)
rPois  .         Gourm    .     (no helmet)
rElec  .         Spirit   .     d - +0 cloak
rCorr  .         Dismiss  .     c - +0 pair of gloves
rMut   .         Stasis   .     (no boots)
MR     .....                    (no amulet)
Stlth  +++.......               (no ring)
                                (no ring)

@: not resistant to hostile enchantments, fairly stealthy
A: carnivore 3
a: no special abilities


You were on level 3 of the Dungeon.
You were not hungry.

You visited 1 branch of the dungeon, and saw 3 of its levels.

You collected 73 gold pieces.

Inventory:

Hand Weapons
 b - a +0 blowgun
 i - a +4 short sword (weapon)
Missiles
 e - 8 poisoned needles
 f - 2 curare-tipped needles
Armour
 c - a +0 pair of gloves (worn)
 d - a +0 cloak (worn)
 k - a +0 ring mail (worn)
Scrolls
 a - a scroll of fog {unknown}
 h - a scroll of remove curse {unknown}
 j - 6 scrolls of identify {unknown}
 n - a scroll of fear {unknown}
 o - a scroll of immolation {unknown}
Potions
 l - a potion of degeneration {unknown}
 m - a potion of curing {unknown}
Comestibles
 g - 3 meat rations


   Skills:
 * Level 3.2 Fighting
 * Level 4.5 Short Blades
 - Level 2.1 Throwing
 - Level 1.2 Dodging
 - Level 5.3 Stealth


You had 3 spell levels left.
You didn't know any spells.

Dungeon Overview and Level Annotations

Branches:
Dungeon (3/15)

Altars:
Trog
Yredelemnul


Innate Abilities, Weirdness & Mutations

You are small and have problems with some larger weapons.
You are carnivorous and can eat meat at any time.


Message History

You barely miss the orc priest.
The orc priest hits you but does no damage.
The orc hits you with a flail.
* * * LOW HITPOINT WARNING * * *
You are too injured to fight recklessly!
You are too injured to fight recklessly!
You are too injured to fight recklessly!
You closely miss the orc priest.
The orc priest hits you but does no damage.
The orc completely misses you.
You hit the orc priest.
The orc priest is moderately wounded.
The orc priest hits you with a club.
* * * LOW HITPOINT WARNING * * *
You puncture the orc priest!
The orc priest is severely wounded.
The orc closely misses you.
The orc priest mumbles some strange prayers to Beogh against you.
Pain shoots through your body!
You die...

#. ###.# ...#
##..# ....
#.#########.##
#...oo))......
#...@######.##
#.##.# #.##.#
#.##.#
.#######.##.#
.........##..
.#######.####
#.# #.# .#


You could see an orc priest and an orc.

Vanquished Creatures
  An adder (D:3)
  A giant gecko (D:3)
  2 orcs (D:3)
  2 giant cockroaches
  4 goblins
  9 hobgoblins
  2 jackals (D:1)
  5 kobolds
  4 bats
  3 giant newts
  A quokka (D:2)
  4 rats
  A spectral orc (D:2)
39 creatures vanquished.

Vanquished Creatures (others)
  5 toadstools (D:1)
5 creatures vanquished.

Grand Total: 44 creatures vanquished

Notes
Turn   | Place    | Note
--------------------------------------------------------------
     0 | D:1      | Arkorax the Kobold Assassin began the quest for the Orb.
     0 | D:1      | Reached XP level 1. HP: 12/12 MP: 1/1
   168 | D:1      | Reached XP level 2. HP: 18/18 MP: 2/2
   610 | D:2      | Found a basalt altar of Yredelemnul.
   616 | D:2      | Reached XP level 3. HP: 22/22 MP: 3/3
  1123 | D:3      | Found a bloodstained altar of Trog.
  1299 | D:3      | Reached XP level 4. HP: 28/28 MP: 4/4
  1317 | D:3      | Killed from afar by an orc priest

Vault maps used:
D:1:      ldierk_walled_garden
D:2:      yredelemnul_forgotten_temple_becter
D:3:      trog_three_pillars_becter

Action                   |  1- 3 |  4- 6 || total
-------------------------+-------+-------++-------
Melee: Short sword       |    70 |    14 ||    84
       Dagger            |     2 |       ||     2
 Stab: Sleeping          |    14 |       ||    14
       Distracted        |     1 |       ||     1
  Eat: Chunk             |     2 |       ||     2
